 Dungeon Crawl Stone Soup version 0.31-a0-303-gdc8c9485ea (webtiles) character file.

Game seed: 11324373114778703973

37 RepHenryClay the Cudgeller (level 3, -1/21 HPs)
             Began as a Tengu Warper on July 16, 2023.
             Slain by a goblin
             ... wielding a +0 dagger
             ... led by Robin
              (2 damage)
             ... on level 2 of the Dungeon.
             The game lasted 00:03:29 (942 turns).

RepHenryClay the Cudgeller (Tengu Warper)            Turns: 942, Time: 00:03:30

Health: -1/21      AC:  3    Str: 13    XL:     3   Next: 39%
Magic:  7/7        EV: 12    Int: 13    God:
Gold:   44         SH:  0    Dex: 13    Spells: 6/6 levels left

rFire   . . .        a - +0 mace
rCold   . . .        (no shield)
rNeg    . . .        b - +0 leather armour
rPois   .            (helmet restricted)
rElec   .            (no cloak)
rCorr   .            (no gloves)
SInv    .            (boots unavailable)
Will    .....        (no amulet)
Stlth   +            (no ring)
HPRegen 0.23/turn    (no ring)
MPRegen 0.10/turn

%: no passive effects
@: no status effects
A: beak, talons 3
a: no special abilities


You were on level 2 of the Dungeon.
You visited 1 branch of the dungeon, and saw 2 of its levels.

You collected 44 gold pieces.

Inventory:

Hand Weapons
 a - a +0 mace (weapon)
Missiles
 d - 7 boomerangs of dispersal (quivered)
Armour
 b - a +0 leather armour (worn)
Magical Staves
 k - a staff of air
Scrolls
 c - 3 scrolls of blinking
 f - a scroll of enchant armour {unknown}
 g - a scroll of immolation {unknown}
 i - a scroll of revelation {unknown}
 j - 2 scrolls of identify {unknown}
 l - a scroll of vulnerability {unknown}
Potions
 e - a potion of enlightenment {unknown}
 h - a potion of degeneration {unknown}


   Skills:
 - Level 2.2 Fighting
 + Level 3.1 Maces & Flails
 - Level 1.2 Throwing
 - Level 1.3 Armour
 - Level 2.3 Dodging
 - Level 2.1 Spellcasting
 - Level 2.5 Translocations


You had 6 spell levels left.
You didn't know any spells.
Your spell library contained the following spells:

 Spells                   Type           Power      Damage    Failure   Level
 Blink                    Tloc           14%        N/A       17%         2
 Lesser Beckoning         Tloc           14%        N/A       17%         2
 Freeze                   Ice            4%         1d3       32%         1
 Teleport Other           Tloc           7%         N/A       34%         3
 Vhi's Electric Charge    Tloc/Air       8%         N/A       50%         3
 Frozen Ramparts          Ice            2%         1d1       67%         3
 Hailstorm                Conj/Ice       1%         3d3       67%         3
 Manifold Assault         Tloc           7%         N/A       75%         4


Dungeon Overview and Level Annotations

Branches:
Dungeon (2/15)

Altars:

Annotations:
D:2 Robin


Innate Abilities, Weirdness & Mutations

You have a beak for a mouth.
You have claws for feet.


Message History

You hit the goblin.
You kill the goblin!
You closely miss the hobgoblin. Your kick misses the hobgoblin.
The hobgoblin closely misses you. The hobgoblin hits you.
Huge Dmg: -19%(-4hp) hp: 62%(13hp) Robin hits you from afar with a +0 spear.
* * * LOW HITPOINT WARNING * * *
Huge Dmg: -28%(-6hp) hp: 34%(7hp)
You completely miss the hobgoblin.
You claw the hobgoblin, but do no damage.
Robin barely misses you. The hobgoblin barely misses you.
You hit the hobgoblin but do no damage. Your kick misses the hobgoblin.
Robin closely misses you. The hobgoblin barely misses you.
You hit the hobgoblin.
You kill the hobgoblin!
Robin roars a battlecry!
The hobgoblin goes into a battle-frenzy!
You hit the hobgoblin.
You kill the hobgoblin!
Robin's horned helmet rattles.
Robin hits you from afar with a +0 spear.
* * * LOW HITPOINT WARNING * * *
Robin hits you from afar with a +0 spear.
* * * LOW HITPOINT WARNING * * *
The rat bites you but does no damage.
Huge Dmg: -15%(-3hp) hp: 24%(5hp)
You closely miss the rat. You claw the rat, but do no damage.
Robin throws the goblin at you! The rat completely misses you.
The goblin closely misses you.
You thump the rat!
You kill the rat!
Robin throws the goblin at you!
* * * LOW HITPOINT WARNING * * *
The goblin hits you with a +0 club.
* * * LOW HITPOINT WARNING * * *
The goblin closely misses you.
Huge Dmg: -19%(-4hp) hp: 5%(1hp)
The goblin attacks as you move away! The goblin closely misses you. x2
The goblin attacks as you move away! The goblin hits you with a +0 dagger.
You die...

..........g.g.#
####...#####rg#
#........gg#####.#
#...######g>.....#
#... ###.#####.#
#... #.#).....#
##g#######
#####g###
#...@g..#
###.###.....##
#.#.#####......
#.....# ...###
##.##.# ..###
#>.##.##.....
#.#.......###
#####..#.## #.#
#..#.#


You could see Robin and 2 goblins.

Vanquished Creatures
  2 ball pythons (D:1)
  3 bats (D:1)
  2 endoplasms (D:1)
  7 goblins
  7 hobgoblins
  2 frilled lizards (D:1)
  7 kobolds (D:1)
  2 rats
32 creatures vanquished.

Notes
Turn   | Place    | Note
-------+----------+-------------------------------------------
     0 | D:1      | RepHenryClay the Tengu Warper began the quest for the Orb.
     0 | D:1      | Reached XP level 1. HP: 12/12 MP: 4/4
   160 | D:1      | Reached XP level 2. HP: 17/17 MP: 6/6
   513 | D:1      | Reached XP level 3. HP: 21/21 MP: 7/7
   909 | D:2      | Noticed Robin
   930 | D:2      | Reached skill level 3 in Maces & Flails
   940 | D:2      | HP: 1/21 [goblin/+0 club[Robin] (2)]
   942 | D:2      | Slain by a goblin

Illustrated notes

Levels and vault maps discovered:
D:1:      dpeg_arrival_arbitrary_b, layout_loops_ring
D:2:      layout_loops_cross, roderic_roman_lattice, minmay_three_crescents,
          uniq_robin, uniq_jessica

Skill      XL: |  1  2  3 |
---------------+----------+-----
Maces & Flails | 3 |  3.1
Fighting       | |  2.2
Throwing       | |  1.2
Armour         | |  1.3
Dodging        | |  2.3
Spellcasting   | |  2.1
Translocations | |  2.5

Action                     || total
---------------------------++-------
  Melee: Mace              ||    59
         Kick              ||    12
         Peck              ||     5
   Stab: Sleeping          ||     1
 Armour: Leather armour    ||    20
  Dodge: Dodged            ||    44

Table legend: (Time is in decaauts)
 A = Elapsed time spent in this place.
 B = Non-inter-level travel time spent in this place.
 C = Inter-level travel time spent in this place.
 D = Time resting spent in this place.
 E = Time spent auto-exploring this place.
 F = Levels seen in this place.
 G = Mean time per level.
                   A        B        C        D        E       F      G
               +--------+--------+--------+--------+--------+-----+--------+
         Total |    959 |    875 |     84 |      0 |    684 |   2 |  479.5 |
       Dungeon |    959 |    875 |     84 |      0 |    684 |   2 |  479.5 |
               +--------+--------+--------+--------+--------+-----+--------+

Top non-repeatable levels by time:
     D:1: 840 daAuts
     D:2: 118 daAuts
